 Dungeon Crawl Stone Soup version 0.27-a0-1590-g15f69828bf (webtiles) character file.

Game seed: 14914524492054386978

7093 duskshroud the Cleaver (level 10, -1/90 HPs)
             Began as a Minotaur Berserker on July 18, 2021.
             Was an Elder of Trog.
             Killed from afar by Erica (10 damage)
             ... with a bolt of poison
             ... on level 10 of the Dungeon.
             The game lasted 00:30:07 (9411 turns).

duskshroud the Cleaver (Minotaur Berserker)         Turns: 9411, Time: 00:30:08

Health: -1/90      AC: 16    Str: 30    XL:     10   Next: 84%
Magic:  9/9        EV:  9    Int:  4    God:    Trog [****..]
Gold:   685        SH:  5    Dex: 11    Spells: 9/9 levels left

rFire    . . .     SeeInvis .   F - +0 war axe (vamp)
rCold    . . .     Faith    .   (no shield)
rNeg     . . .     Spirit   .   U - +0 plate armour
rPois    .         Reflect  +   (helmet restricted)
rElec    .         Harm     .   (no cloak)
rCorr    .         Rampage  .   b - +0 pair of gloves
Will     +....                  (no boots)
Stlth    ..........             T - amulet of reflection
HPRegen  0.25/turn              N - +6 ring of strength
MPRegen  0.11/turn              P - ring of willpower

@: lethally poisoned (-1 -> -19), on berserk cooldown, slowed, studying 2
skills, very slow
A: horns 2, retaliatory headbutt
a: Renounce Religion, Berserk, Trog's Hand, Brothers in Arms


You were on level 10 of the Dungeon.
You worshipped Trog.
Trog was greatly pleased with you.
You visited 1 branch of the dungeon, and saw 10 of its levels.
You also visited: Sewer.

You collected 685 gold pieces.

Inventory:

Hand Weapons
 F - a +0 vampiric war axe (weapon)
 J - a +4 dire flail
 K - a +5 morningstar
 L - a +0 shortbow
 W - the +7 arbalest "Joerew" {elec, rF+ Str+7}
   (You found it on level 9 of the Dungeon)

   Any ammunition fired from it occasionally discharges a powerful burst of
   electricity upon striking a foe.
   Str:       It affects your strength (+7).
   rF:        It protects you from fire.
Missiles
 d - 8 atropa-tipped darts (quivered)
 f - 7 silver javelins
 k - 19 poisoned darts
 n - 76 bolts
 u - 150 arrows
 H - 4 javelins
 M - 2 curare-tipped darts
 S - a throwing net
Armour
 b - a +0 pair of gloves (worn)
 U - a +0 plate armour (worn)
Jewellery
 s - the ring of Reigiyw {+Blink rN+ Will+ Str+3 Int-5}
   (You found it on level 8 of the Dungeon)

   [ring of positive energy]

   Str:       It affects your strength (+3).
   Int:       It affects your intelligence (-5).
   rN:        It protects you from negative energy.
   +Blink:    It lets you blink.
   Will:      It increases your willpower.
 N - a +6 ring of strength (left hand)
 P - a ring of willpower (right hand)
 T - an amulet of reflection (around neck)
Wands
 a - a wand of mindburst (14)
 R - a wand of flame (3)
 X - a wand of paralysis (4)
Scrolls
 i - 5 scrolls of teleportation {unknown}
 j - 4 scrolls of fog {unknown}
 l - 7 scrolls of identify {unknown}
 m - 6 scrolls of enchant armour {unknown}
 q - 2 scrolls of immolation {unknown}
 r - 3 scrolls of magic mapping {unknown}
 t - 2 scrolls of acquirement {unknown}
 v - 3 scrolls of enchant weapon {unknown}
 w - a scroll of summoning {unknown}
 y - a scroll of fear {unknown}
 G - 2 scrolls of blinking {unknown}
 O - a scroll of noise {unknown}
 Q - a scroll of brand weapon {unknown}
 V - a scroll of vulnerability {unknown}
Potions
 c - 2 potions of brilliance {unknown}
 e - a potion of flight {unknown}
 g - 6 potions of curing {unknown}
 h - 2 potions of attraction {unknown}
 o - 3 potions of haste {unknown}
 p - 3 potions of lignification {unknown}
 x - a potion of experience {unknown}
 z - 2 potions of might {unknown}
 A - 3 potions of invisibility {unknown}
 B - a potion of cancellation {unknown}
 C - a potion of resistance
 D - 2 potions of mutation {unknown}
 E - 4 potions of heal wounds {unknown}
 I - a potion of degeneration {unknown}


   Skills:
 + Level 8.6 Fighting
 + Level 14.2 Axes
 - Level 11.4 Armour
 - Level 2.2 Dodging
 - Level 0.4 Stealth
 - Level 0.5 Shields


You had 9 spell levels left.
You didn't know any spells.
Your spell library was empty.

Dungeon Overview and Level Annotations

Branches:
Dungeon (10/15)            Temple (0/1) D:7           Sewer (visited)
   Lair: D:8-11         Orc: D:9-12

Altars:
Ashenzari
Elyvilon
Fedhas
Nemelex Xobeh
Okawaru
Qazlal
Ru
Trog
Uskayaw

Shops:
D:1 :   D:4 (

Annotations:
D:10 Erica


Innate Abilities, Weirdness & Mutations

You have a pair of horns on your head.
You reflexively headbutt those who attack you in melee.


Message History

The acid dragon spits acid at you. The splash of acid hits you.
You are splashed with acid!
You slice the acid dragon!!
You feel better.
You kill the acid dragon!
Trog accepts your kill.
You slash the troll! The troll bites you but does no damage.
The troll barely misses you. The troll claws you.
You closely miss the troll.
The troll is almost dead.
You slash something! You slice the troll!!
You feel the power of Trog in you as your rage grows.
You kill the troll!
Trog accepts your kill.
You hit something. You block something's attack.
You feel a strong urge to attack something.
Something hits you. Something burns you.
You hear some strange, mumbled words.
Something tries to affect you, but you resist.
There is an open door here.
You feel your anger nearly subside.
You slam the door shut with a bang!
You are no longer berserk.
You are exhausted.
You feel yourself slow down.
Something unseen opens the door.
You hear some strange, mumbled words.
A bolt of poison appears from out of thin air!
The bolt of poison hits you!!
You are poisoned.
* * * LOW HITPOINT WARNING * * *
You feel very sick.
You feel very sick.
You feel very sick.
You feel sick.
You hear some strange, mumbled words.
A bolt of poison appears from out of thin air!
The bolt of poison hits you!
You are lethally poisoned!
You die...

.........# ## ##.#
.........# #.# ###'######
#.## #.# #..# #.#
########.## ###.#
#.....:...# ....#
####.........# '#########
##.{..........# .........#
#..##@........###
.........###.###............
.........#...# #.........###
.........'.### #.........#
.........### #.........#
.........# ########.##
######.### .# #####..### .#
.........# #.##


There were no monsters in sight!

Vanquished Creatures
  A two-headed ogre (D:9)
  Pikel (D:8)
  The ghost of bobarctor the Thaumaturge, a novice DENe of Kikubaaqudgha (D:8)
  A gargoyle (D:10)
  2 trolls (D:10)
  Grinder (D:3)
  A wyvern (D:5)
  4 yaks (D:4)
  An acid dragon (D:10)
  A water moccasin (D:7)
  Purgy (D:3)
  3 ice beasts (D:6)
  2 black bears
  2 hornet zombies (D:8)
  2 necrophages (D:4)
  4 centaurs
  A phantom (D:7)
  3 kobold brigands
  4 gnoll sergeants
  4 bullfrogs
  A scorpion (D:5)
  A wyvern skeleton (D:7)
  A water moccasin skeleton (D:6)
  6 killer bees (D:10)
  9 wights
  3 howler monkeys (D:9)
  2 bullfrog zombies (D:5)
  3 jellies
  A gnoll shaman (D:8)
  2 hounds
  2 bullfrog skeletons
  A centaur skeleton (D:6)
  Natasha (thrice) (D:3)
  3 iguanas
  A killer bee zombie (D:8)
  2 howler monkey zombies (D:10)
  9 gnolls
  A howler monkey skeleton (D:6)
  10 adders
  5 river rats (Sewer)
  A shadow imp (D:7)
  3 white imps
  An ufetubus (D:6)
  An adder skeleton (D:5)
  A worm (D:4)
  A dart slug (D:1)
  8 orcs
  14 ball pythons
  6 bats
  11 endoplasms
  A giant cockroach (D:3)
  7 goblins
  5 hobgoblins
  14 jackals
  4 quokkas
  7 frilled lizards
  16 kobolds
  26 rats
233 creatures vanquished.

Vanquished Creatures (others)
  6 plants (D:8)
6 creatures vanquished.

Grand Total: 239 creatures vanquished

Notes
Turn   | Place    | Note
-------+----------+-------------------------------------------
     0 | D:1      | duskshroud the Minotaur Berserker began the quest for the
                  | Orb.
     0 | D:1      | Reached XP level 1. HP: 19/19 MP: 0/0
   203 | D:1      | Found Kavvisaobb's Book Shoppe.
   229 | D:1      | Found a faded altar of an unknown god.
   388 | D:1      | Reached skill level 4 in Axes
   393 | D:1      | Reached XP level 2. HP: 22/27 MP: 1/1
  1057 | D:2      | Reached XP level 3. HP: 31/33 MP: 2/2
  1118 | D:2      | Reached skill level 5 in Axes
  1870 | D:3      | Reached XP level 4. HP: 31/41 MP: 3/3
  1980 | D:3      | Noticed Natasha
  1994 | D:3      | Killed Natasha
  1994 | D:3      | Reached ** piety under Trog
  2308 | D:3      | Noticed Grinder
  2323 | D:3      | Killed Grinder
  2324 | D:3      | Reached skill level 7 in Axes
  2324 | D:3      | Reached XP level 5. HP: 47/47 MP: 4/4
  2324 | D:3      | Reached XP level 6. HP: 55/55 MP: 5/5
  2694 | D:3      | Noticed Natasha
  2697 | D:3      | Killed Natasha
  2755 | D:3      | Noticed Purgy
  2764 | D:3      | Killed Purgy
  2765 | D:3      | Reached skill level 5 in Fighting
  2765 | D:3      | Reached skill level 8 in Axes
  2841 | D:3      | Noticed Natasha
  2872 | D:3      | Killed Natasha
  2973 | D:4      | Found a sparkling altar of Nemelex Xobeh.
  2973 | D:4      | Found a blossoming altar of Fedhas.
  3000 | D:4      | Reached XP level 7. HP: 61/61 MP: 6/6
  3056 | D:4      | Found a bloodstained altar of Trog.
  3123 | D:4      | Reached skill level 9 in Axes
  3176 | D:4      | Found a glowing drain.
  3189 | Sewer    | Entered a sewer
  3420 | Sewer    | Reached *** piety under Trog
  3724 | D:4      | Reached skill level 10 in Axes
  3830 | D:4      | Found Riushruf's Antique Weapon Shop.
  3990 | D:4      | Noticed a yak
  3990 | D:4      | Noticed a yak
  3990 | D:4      | Noticed a yak
  3991 | D:4      | Noticed a yak
  4002 | D:4      | Killed a yak
  4003 | D:4      | Reached XP level 8. HP: 70/70 MP: 7/7
  4016 | D:4      | Reached skill level 11 in Axes
  4016 | D:4      | Reached skill level 5 in Armour
  4062 | D:4      | Found an iron altar of Okawaru.
  4065 | D:4      | Found a sacrificial altar of Ru.
  4153 | D:5      | Entered Level 5 of the Dungeon
  4269 | D:5      | Reached **** piety under Trog
  4300 | D:5      | Found a broken altar of Ashenzari.
  4711 | D:5      | Reached XP level 9. HP: 51/78 MP: 8/8
  5611 | D:6      | Reached skill level 12 in Axes
  6128 | D:7      | Found a staircase to the Ecumenical Temple.
  6390 | D:7      | Found a white marble altar of Elyvilon.
  7301 | D:8      | Found a transporter.
  7305 | D:8      | Noticed bobarctor's ghost (novice DENe)
  7412 | D:8      | Found a transporter.
  7427 | D:8      | Noticed Pikel
  7463 | D:8      | Killed Pikel
  7464 | D:8      | Reached skill level 13 in Axes
  7464 | D:8      | Reached XP level 10. HP: 88/88 MP: 9/9
  8017 | D:8      | Killed bobarctor's ghost
  8018 | D:8      | Reached skill level 10 in Armour
  8238 | D:8      | Identified the ring of Reigiyw {+Blink rN+ Will+ Str+3
                  | Int-5}
  8390 | D:9      | Noticed a two-headed ogre
  8397 | D:9      | Killed a two-headed ogre
  8653 | D:9      | Found a stormy altar of Qazlal.
  8668 | D:9      | Identified the +7 arbalest "Joerew" {elec, rF+ Str+7}
  8817 | D:9      | Found a hide-covered altar of Uskayaw.
  8871 | D:10     | Entered Level 10 of the Dungeon
  9173 | D:10     | Noticed a gargoyle
  9186 | D:10     | Killed a gargoyle
  9253 | D:10     | Reached skill level 14 in Axes
  9388 | D:10     | Noticed Erica
  9411 | D:10     | Killed from afar by Erica

Illustrated notes

Levels and vault maps discovered:
D:1:      scummos_arrival_forest, layout_basic, serial_shops, shop,
          shapermc_ecumenical_altar_pompeii
D:2:      layout_basic
D:3:      layout_loops_corners, ebering_dispersal_statue_hall, uniq_purgy,
          uniq_natasha, uniq_grinder
D:4:      layout_loops_cross, mainiacjoe_overflow_cross_hatched, minitemple,
          cheibrodos_sewer_entry_sluice, serial_shops, shop
D:5:      layout_loops_ring, nicolae_ashenzari_skybound,
          kennysheep_cross_bottleneck, minmay_manual_monstrance
D:6:      layout_basic, hangedman_decor_growths
D:7:      layout_cave_pools, elyvilon_altar_4, minmay_temple_entry_wispy
D:8:      layout_basic, gammafunk_ghost_gnarly_gnolls,
          amcnicky_mini_corridor_feature, uniq_pikel
D:9:      layout_basic, nicolae_overflow_crystal_walls,
          nicolae_uskayaw_dance_studio
D:10:     layout_roguey, uniq_erica

Skill      XL: |  1  2  3  4  5  6  7  8  9 10 |
---------------+-------------------------------+-----
Axes           | 4 5 7 8 10 11 13 14 | 14.2
Fighting       | 4 5 6 7 8 |  8.6
Armour         | 3 4 6 9 11 | 11.4
Dodging        | |  2.2
Stealth        | |  0.4
Shields        | |  0.5

Action                   |  1- 3 |  4- 6 |  7- 9 | 10-12 || total
-------------------------+-------+-------+-------+-------++-------
Melee: War axe           |    64 |    50 |   341 |   115 ||   570
       Hand axe          |     6 |       |       |       ||     6
       Headbutt          |     9 |    10 |    65 |    17 ||   101
Invok: Berserk           |       |     5 |     4 |     6 ||    15
       Trog's Hand       |       |     1 |     3 |     3 ||     7
Armor: Animal skin       |     6 |     3 |       |       ||     9
       Chain mail        |       |    11 |   157 |    12 ||   180
       Plate armour      |       |       |       |    45 ||    45
Dodge: Dodged            |    41 |    20 |   127 |    43 ||   231
Block: Other             |       |       |       |    14 ||    14

Table legend: (Time is in decaauts)
 A = Elapsed time spent in this place.
 B = Non-inter-level travel time spent in this place.
 C = Inter-level travel time spent in this place.
 D = Time resting spent in this place.
 E = Time spent auto-exploring this place.
 F = Levels seen in this place.
 G = Mean time per level.
                   A        B        C        D        E       F      G
               +--------+--------+--------+--------+--------+-----+--------+
         Total |   9597 |   9255 |    342 |   1667 |   5154 |  11 |  872.5 |
       Dungeon |   9015 |   8673 |    342 |   1554 |   5154 |  10 |  901.5 |
         Sewer |    582 |    582 |      0 |    113 |      0 |   1 |  582.0 |
               +--------+--------+--------+--------+--------+-----+--------+

Top non-repeatable levels by time:
     D:8: 1766 daAuts
     D:3: 1209 daAuts
     D:5: 1008 daAuts
     D:2: 920 daAuts
     D:1: 919 daAuts
     D:6: 776 daAuts
     D:9: 754 daAuts
     D:4: 693 daAuts
     D:7: 585 daAuts
   Sewer: 582 daAuts
    D:10: 381 daAuts
